 Dungeon Crawl Stone Soup version 0.27-a0-1291-geefcff550b (webtiles) character file.

Game seed: 565297027514749599

235 JeremysuckstheD the Conjurer (level 6, -15/35 HPs)
             Began as a Tengu Conjurer on June 15, 2021.
             Killed from afar by Pikel (20 damage)
             ... with an iceblast
             ... on level 4 of the Dungeon.
             The game lasted 00:06:46 (5028 turns).

JeremysuckstheD the Conjurer (Tengu Conjurer)       Turns: 5028, Time: 00:06:47

Health: -15/35     AC:  3    Str:  7    XL:     6   Next: 5%
Magic:  4/12       EV: 15    Int: 20    God:
Gold:   119        SH:  0    Dex: 13    Spells: 2/12 levels left

rFire    . . .     SeeInvis .   d - +0 dagger
rCold    . . .     Faith    .   (no shield)
rNeg     . . .     Spirit   .   a - +0 robe
rPois    .         Reflect  .   (helmet restricted)
rElec    .         Harm     .   (no cloak)
rCorr    .         Rampage  .   m - +0 pair of gloves
Will     .....                  (boots unavailable)
Stlth    ++........             (no amulet)
HPRegen  0.11/turn              (no ring)
MPRegen  0.13/turn              (no ring)

@: flying quickly and evasively, quick
A: beak, talons 3, nimble flight
a: no special abilities


You were on level 4 of the Dungeon.
You visited 1 branch of the dungeon, and saw 4 of its levels.

You collected 119 gold pieces.

Inventory:

Hand Weapons
 d - a +0 dagger (weapon)
Armour
 a - a +0 robe (worn)
 m - a +0 pair of gloves (worn)
Jewellery
 f - a +4 ring of evasion
Scrolls
 e - a scroll of identify {unknown}
 g - 2 scrolls of enchant weapon {unknown}
 h - a scroll of fear {unknown}
 j - a scroll of magic mapping {unknown}
 l - a scroll of teleportation {unknown}
Potions
 b - 2 potions of heal wounds {unknown}
 c - 4 potions of lignification {unknown}
 i - 5 potions of curing {unknown}
 k - a potion of might {unknown}
 n - a potion of haste {unknown}
 o - a potion of resistance {unknown}


   Skills:
 + Level 2.0 Fighting
 + Level 3.2 Dodging
 - Level 2.0 Stealth
 * Level 3.5 Spellcasting
 * Level 7.0 Conjurations


You had 2 spell levels left.
You knew the following spells:

 Your Spells              Type           Power      Damage    Failure   Level
a - Searing Ray           Conj           62%        3d5       1%          2
b - Dazzling Flash        Conj/Hex       34%        N/A       10%         3
c - Fulminant Prism       Conj/Hex       8%         3d7       32%         4
x - Magic Dart            Conj           100%       1d8       1%          1

Your spell library contained the following spells:

 Spells                   Type           Power      Damage    Failure   Level
 Iskenderun's Mystic Bla  Conj/Tloc      17%        2d5       32%         4


Dungeon Overview and Level Annotations

Branches:
Dungeon (4/15)
 Temple: D:4-7

Altars:
Fedhas
Ru
Yredelemnul

Annotations:
D:4 Pikel


Innate Abilities, Weirdness & Mutations

You have a beak for a mouth.
You have claws for feet.
Your magical nature lets you fly swiftly and evasively.


Message History

You start waiting.
Done waiting.
You see here a +0 giant club.
Pikel is nearby!
Casting: Searing Ray (safe; 1% risk of failure)
Confirm with . or Enter, or press ? or * to list all spells.
The spell is extremely dangerous to cast (32% risk of failure)!
Continue anyway?
Aiming: Fulminant Prism (extremely dangerous; 32% risk of failure)
Press: ? - help, Dir - move target You conjure a prism of explosive energy!
A fulminant prism comes into view.
Your fulminant prism crackles loudly.
Casting: Fulminant Prism (extremely dangerous; 32% risk of failure)
Confirm with . or Enter, or press ? or * to list all spells.
Aiming: Searing Ray (safe; 1% risk of failure)
Press: ? - help, Shift-Dir - straight line, f - Pikel
Aim: Pikel, wielding a +2 whip of freezing, wearing a +0 robe and carrying a wand of iceblast (2) (ally target, 74% to hit)
The searing ray hits Pikel.
Pikel is lightly wounded. (Press . to maintain the ray.)
Your fulminant prism explodes!
The blast of energy engulfs Pikel.
Pikel is lightly wounded.
You hear a shout! x3
The searing ray hits Pikel.
Pikel is moderately wounded.
Pikel zaps a wand.
The mass of ice explodes!
The iceblast engulfs you!
The searing ray misses Pikel.
A lemure comes into view.
The searing ray hits Pikel!
Pikel is heavily wounded.
You finish channeling your searing ray.
Pikel hits you with a +2 whip of freezing!
* * * LOW HITPOINT WARNING * * *
Pikel freezes you.
* * * LOW HITPOINT WARNING * * *
Unknown command.
Pikel zaps a wand.
The mass of ice explodes!
The iceblast engulfs you!!
Ouch! That really hurt!
You die...

#..#### ##...#####. #..#
##...##... ##.## ##.......
#..# #........ #..#
##........ #..# #....#....
####..### ##..#####..
###.......### #...##.....
#..#####..@.#####..###.....
#### ###....##...#.......
##.K.5............
###....5.....#...
##.........#...
#.......#.....
#......###.##..
#........#......
.........####...


You could see Pikel and 2 lemures.

Vanquished Creatures
  An ogre (D:4)
  2 lemures (D:4)
  A bullfrog skeleton (D:4)
  2 adders
  A gnoll (D:1)
  An ufetubus (D:4)
  2 worms
  2 dart slugs
  4 ball pythons
  A bat (D:1)
  5 endoplasms
  4 giant cockroaches
  4 goblins
  9 hobgoblins
  16 jackals
  6 kobolds
  3 quokkas
  2 frilled lizards
  7 rats
73 creatures vanquished.

Vanquished Creatures (others)
  A fulminant prism (D:4)
  A plant (D:2)
2 creatures vanquished.

Grand Total: 75 creatures vanquished

Notes
Turn   | Place    | Note
-------+----------+-------------------------------------------
     0 | D:1      | JeremysuckstheD the Tengu Conjurer began the quest for the
                  | Orb.
     0 | D:1      | Reached XP level 1. HP: 10/10 MP: 4/4
   186 | D:1      | Found a faded altar of an unknown god.
   202 | D:1      | Reached XP level 2. HP: 15/15 MP: 1/6
   249 | D:1      | Learned a level 2 spell: Searing Ray
   778 | D:1      | Reached XP level 3. HP: 20/20 MP: 2/7
  1295 | D:2      | Reached skill level 1 in Fighting
  1732 | D:2      | Reached skill level 6 in Conjurations
  1747 | D:2      | Reached XP level 4. HP: 23/25 MP: 1/9
  1824 | D:2      | Learned a level 3 spell: Dazzling Flash
  1871 | D:2      | Found a blossoming altar of Fedhas.
  3180 | D:3      | Found a basalt altar of Yredelemnul.
  3184 | D:3      | Found a sacrificial altar of Ru.
  3755 | D:4      | Gained mutation: Your magical nature lets you fly swiftly
                  | and evasively. [Tengu growth]
  3755 | D:4      | Reached XP level 5. HP: 12/29 MP: 0/10
  4071 | D:4      | Noticed an ogre
  4146 | D:4      | Learned a level 4 spell: Fulminant Prism
  4172 | D:4      | Killed an ogre
  4173 | D:4      | Reached XP level 6. HP: 35/35 MP: 5/12
  4302 | D:4      | Reached skill level 7 in Conjurations
  4779 | D:4      | Noticed Pikel
  5028 | D:4      | Killed from afar by Pikel

Illustrated notes

Levels and vault maps discovered:
D:1:      dpeg_arrival_chambers_temple_mockup, layout_rooms,
          chequers_ecumenical_altar_simple_redux
D:2:      layout_loops_corners, basic_altar, serial_bayou_lagoon_a
D:3:      layout_loops_corners, nicolae_overflow_hidden_temple
D:4:      layout_layer_cave, kennysheep_little_box, minmay_misc_feat_encased,
          uniq_pikel, uniq_natasha

Skill      XL: |  1  2  3  4  5  6 |
---------------+-------------------+-----
Fighting       | 1 2 |  2.0
Conjurations   | 6 7 |  7.0
Spellcasting   | 3 |  3.5
Dodging        | 3 |  3.2
Stealth        | |  2.0

Action                   |  1- 3 |  4- 6 || total
-------------------------+-------+-------++-------
Melee: Unarmed           |    14 |       ||    14
       Kick              |     3 |       ||     3
       Peck              |     1 |       ||     1
       Dagger            |     2 |       ||     2
 Cast: Magic Dart        |    63 |    97 ||   160
       Searing Ray       |     1 |     6 ||     7
       Fulminant Prism   |       |     1 ||     1
Armor: Robe              |    13 |     5 ||    18
Dodge: Dodged            |    35 |    10 ||    45

Table legend: (Time is in decaauts)
 A = Elapsed time spent in this place.
 B = Non-inter-level travel time spent in this place.
 C = Inter-level travel time spent in this place.
 D = Time resting spent in this place.
 E = Time spent auto-exploring this place.
 F = Levels seen in this place.
 G = Mean time per level.
                   A        B        C        D        E       F      G
               +--------+--------+--------+--------+--------+-----+--------+
         Total |   4987 |   4722 |    265 |   1262 |   2957 |   4 | 1246.8 |
       Dungeon |   4987 |   4722 |    265 |   1262 |   2957 |   4 | 1246.8 |
               +--------+--------+--------+--------+--------+-----+--------+

Top non-repeatable levels by time:
     D:3: 1534 daAuts
     D:2: 1445 daAuts
     D:1: 1116 daAuts
     D:4: 891 daAuts
